 Dungeon Crawl Stone Soup version 0.27.0-1-g7a089689b8 (webtiles) character file.

Game seed: 8251715649010234797

149 Smaepdii the Slasher (level 5, -9/42 HPs)
             Began as a Human Monk on Aug 14, 2021.
             Was a Believer of Zin.
             Killed from afar by a kobold (20 damage)
             ... with a bolt of acid
             ... on level 4 of the Dungeon.
             The game lasted 00:15:16 (3049 turns).

Smaepdii the Slasher (Human Monk)                   Turns: 3049, Time: 00:15:16

Health: -9/42      AC:  4    Str: 11    XL:     5   Next: 56%
Magic:  5/5        EV: 13    Int: 10    God:    Zin [**....]
Gold:   94         SH:  0    Dex: 17    Spells: 4/4 levels left

rFire    . . .     SeeInvis .   a - +0 falchion
rCold    . . .     Faith    .   (no shield)
rNeg     . . .     Spirit   .   b - +0 robe
rPois    .         Reflect  .   (no helmet)
rElec    .         Harm     .   p - +0 cloak
rCorr    .         Rampage  .   (no gloves)
Will     .....                  c - +0 pair of boots
Stlth    ++........             g - amulet of the acrobat
HPRegen  0.14/turn              f - +4 ring of protection
MPRegen  0.09/turn              (no ring)

@: corroded, on recite cooldown
A: no striking features
a: Renounce Religion, Recite, Vitalisation, Donate Gold


You were on level 4 of the Dungeon.
You worshipped Zin.
Zin was pleased with you.
You visited 2 branches of the dungeon, and saw 5 of its levels.

You collected 128 gold pieces.
You spent 24 gold pieces at shops.
You donated 10 gold pieces to Zin.

Inventory:

Hand Weapons
 a - a +0 falchion (weapon)
Missiles
 d - 4 silver javelins
 e - 5 boomerangs
 l - 30 poisoned darts (quivered)
Armour
 b - a +0 robe (worn)
 c - a +0 pair of boots (worn)
 p - a +0 cloak (worn)
Jewellery
 f - a +4 ring of protection (left hand)
 g - an amulet of the acrobat (around neck)
Wands
 i - a wand of polymorph (7)
Scrolls
 h - a scroll of immolation {unknown}
 j - a scroll of amnesia {unknown}
 k - a scroll of vulnerability {unknown}
 m - a scroll of enchant weapon {unknown}
 n - a scroll of teleportation {unknown}
Potions
 o - 3 potions of attraction {unknown}


   Skills:
 + Level 3.7 Fighting
 * Level 4.3 Long Blades
 + Level 3.7 Dodging
 + Level 3.0 Stealth


You had 4 spell levels left.
You didn't know any spells.
Your spell library contained the following spells:

 Spells                   Type           Power      Damage    Failure   Level
 Conjure Flame            Conj/Fire      0%         6-21      75%         3
 Ignite Poison            Fire/Tmut/Pois 0%         N/A       75%         3
 Animate Armour           Summ/Erth      0%         N/A       98%         4
 Leda's Liquefaction      Hex/Erth       0%         N/A       98%         4
 Sticky Flame             Conj/Fire      0%         2d3       98%         4
 Blade Hands              Tmut           0%         N/A       100%        5
 Bolt of Magma            Conj/Fire/Erth 0%         4d4       100%        5
 Dispersal                Tloc           0%         N/A       100%        6
 Iron Shot                Conj/Erth      0%         9d1       100%        6
 Statue Form              Tmut/Erth      0%         N/A       100%        6
 Disjunction              Tloc           0%         N/A       100%        8


Dungeon Overview and Level Annotations

Branches:
Dungeon (4/15)             Temple (1/1) D:4

Altars:
Ashenzari
Cheibriados
Dithmenos
Elyvilon
Fedhas
Hepliaklqana
Kikubaaqudgha
Nemelex Xobeh
Okawaru
Qazlal
Ru
Sif Muna
Trog
Uskayaw
Vehumet
Wu Jian
Xom
Zin
The Shining One

Shops:
D:1 *   D:4 [

Annotations:
D:2 Sigmund


Message History

You completely miss the endoplasm.
The endoplasm is almost dead.
The endoplasm freezes you.
You are frozen.
You hit the endoplasm but do no damage.
The endoplasm is almost dead.
The endoplasm closely misses you.
You riposte.
You hit the endoplasm.
You kill the endoplasm!
You start resting.
HP restored.
Found a stone staircase leading up.
You pick up an Everburning Encyclopedia and begin reading...
You add the spells Conjure Flame, Ignite Poison and Sticky Flame to your library.
Found 4 silver javelins.
Found a stone staircase leading down.
You see here 4 silver javelins.
d - 4 silver javelins
Found a dagger.
Found a stone staircase leading up.
Found Cocsua Hori's Armour Emporium.
Found a stone staircase leading down.
There is a stone staircase leading up here.
A kobold comes into view.
It is wielding a +0 flail and carrying a wand of acid (11).
The kobold moves out of view.
A kobold is nearby!
A kobold is nearby!
You fail to use your ability.
You clear your throat and prepare to recite. "Zin descended from on high in a silver chariot..."
The kobold is dazed by your recitation.
The kobold shouts! x2 "...to oust the guilty for their..."
The kobold is lost in a daze. "...unfaithfulness, and thus judgement was rendered."
You finish reciting Ablutions 26:18.
You miss the kobold.
The kobold zaps a wand.
The bolt of acid hits you! The acid corrodes you!
You are splashed with acid!
* * * LOW HITPOINT WARNING * * *
You hit the kobold but do no damage.
The kobold zaps a wand.
The bolt of acid hits you!!
You die...

.,,** ##......# **** #.,*
####..#.##.# **,,,
#.######.......##.# **,,,,
...........#.####<# **##*,*,,,
....)........####.# **#...*⌠,*,*
........####......####.....*,*,,,
.......## ##.##...........**,,,,
.####.## ####.###...###.###,**+++
*###..####.....K@.......# *,,,,,,
#......##.##.####....###*****,,*
#.####....##..##...#....,,,,,,**
##....>.....##.##.........******
...########....#.....#####*
..###### ###..#.....# ##*#8>8#
##.......## .####.## ##.......#
..#.[.# ####......#


You could see a kobold (dazed).

Vanquished Creatures
  Crazy Yiuf (D:3)
  A hound (D:4)
  An adder (D:1)
  2 worms (D:2)
  2 dart slugs
  5 orcs
  5 bats
  5 endoplasms
  3 giant cockroaches
  8 goblins
  6 hobgoblins
  7 jackals
  A kobold (D:1)
  2 quokkas
  9 ball pythons
  A frilled lizard (D:1)
  6 rats
65 creatures vanquished.

Notes
Turn   | Place    | Note
-------+----------+-------------------------------------------
     0 | D:1      | Smaepdii the Human Monk began the quest for the Orb.
     0 | D:1      | Reached XP level 1. HP: 18/18 MP: 1/1
   103 | D:1      | Found a faded altar of an unknown god.
   122 | D:1      | Reached XP level 2. HP: 24/24 MP: 2/2
   386 | D:1      | Found Veazuith's General Store.
   404 | D:1      | Bought a scroll of identify for 24 gold pieces
   420 | D:1      | Reached XP level 3. HP: 29/29 MP: 3/3
   941 | D:2      | Noticed Sigmund
  1016 | D:2      | Found an ancient bone altar of Kikubaaqudgha.
  1030 | D:1      | Reached XP level 4. HP: 12/35 MP: 4/4
  1273 | D:2      | Noticed an ogre
  2048 | D:3      | Found a hazy altar of Hepliaklqana.
  2123 | D:3      | Reached skill level 4 in Long Blades
  2146 | D:3      | Found a runed translucent door.
  2147 | D:3      | Noticed Crazy Yiuf
  2159 | D:3      | Killed Crazy Yiuf
  2160 | D:3      | Reached XP level 5. HP: 15/41 MP: 5/5
  2540 | D:4      | Found a staircase to the Ecumenical Temple.
  2549 | Temple   | Entered the Ecumenical Temple
  2714 | Temple   | Became a worshipper of Zin the Law-Giver
  2714 | Temple   | Reached * piety under Zin
  2714 | Temple   | Reached ** piety under Zin
  3028 | D:4      | Found Cocsua Hori's Armour Emporium.
  3049 | D:4      | Killed from afar by a kobold

Illustrated notes

Levels and vault maps discovered:
D:1:      dpeg_arrival_line_fractal, layout_basic, serial_shops, shop,
          hellmonk_ecumenical_altar_pennies_from_heaven
D:2:      layout_basic, basic_altar, uniq_sigmund
D:3:      layout_rooms, worldfamousw_hep_ancestral_shrine, serial_glass,
          glass_columns_a, glass_columns_a, uniq_crazy_yiuf_cottage
D:4:      layout_rooms, temple_statues, gammafunk_ghost_nasty_kobolds,
          serial_shops, nicolae_take_the_stairs, chequers_serial_rivers_small_3
Temple:   minmay_crystal_spiral_temple

Skill      XL: |  1  2  3  4  5 |
---------------+----------------+-----
Long Blades    | 4 |  4.3
Stealth        | 3 |  3.0
Fighting       | |  3.7
Dodging        | |  3.7

Action                   |  1- 3 |  4- 6 || total
-------------------------+-------+-------++-------
Melee: Falchion          |    92 |    98 ||   190
Throw: Dart              |     2 |       ||     2
Invok: Recite            |       |     2 ||     2
  Use: Scroll            |     2 |     2 ||     4
       Potion            |     2 |       ||     2
 Stab: Sleeping          |     3 |     1 ||     4
Armor: Robe              |    33 |    36 ||    69
Dodge: Dodged            |    74 |    87 ||   161
       Rpst.: Falchion   |    26 |    28 ||    54
